 Dungeon Crawl Stone Soup version 0.30-a0-1018-g25214051b3 (webtiles) character file.

Game seed: 7607254742416534083

74 protoss039 the Sneak (level 4, -2/25 HPs)
             Began as a Vampire Enchanter on Apr 8, 2023.
             Slain by a gnoll
             ... wielding a +0 whip
              (6 damage)
             ... on level 3 of the Dungeon.
             The game lasted 00:03:21 (1767 turns).

protoss039 the Sneak (Vampire Enchanter)            Turns: 1767, Time: 00:03:22

Health: -2/25      AC:  4    Str:  7    XL:     4   Next: 10%
Magic:  1/7        EV: 13    Int: 17    God:
Gold:   90         SH:  0    Dex: 16    Spells: 2/7 levels left

rFire   . . .      SeeInvis +    a - +1 dagger
rCold   + + .      Faith    .    (no shield)
rNeg    + + +      Spirit   .    b - +0 robe
rPois   ∞          Reflect  .    (no helmet)
rElec   .          Rampage  .    r - +0 cloak
rCorr   +                        k - +0 pair of gloves
Will    .....                    (no boots)
Stlth   +++++                    j - amulet of regeneration
HPRegen 0.00/turn                o - ring of resist corrosion
MPRegen 0.10/turn                (no ring)

@: bloodless, inhibited regen
A: bloodless, fangs 3, see invisible, vampiric 2
a: Bat Form, Revivify


You were on level 3 of the Dungeon.
You visited 1 branch of the dungeon, and saw 3 of its levels.

You collected 90 gold pieces.

Inventory:

Hand Weapons
 a - a +1 dagger (weapon)
Armour
 b - a +0 robe (worn)
 k - a +0 pair of gloves (worn)
 r - a +0 cloak (worn)
Jewellery
 j - an amulet of regeneration (around neck)
 o - a ring of resist corrosion (left hand)
 q - an amulet of guardian spirit
Wands
 p - a wand of flame (11)
Scrolls
 d - a scroll of identify
 f - a scroll of magic mapping
 g - a scroll of summoning
 l - 2 scrolls of teleportation
 n - a scroll of enchant weapon
Potions
 c - a potion of invisibility
 e - 2 potions of attraction {unknown}
 h - a potion of degeneration {unknown}
 i - a potion of lignification {unknown}
 m - a potion of curing {unknown}
 s - a potion of brilliance {unknown}


   Skills:
 * Level 1.4 Fighting
 + Level 1.6 Short Blades
 + Level 2.7 Dodging
 * Level 5.2 Stealth
 + Level 2.3 Spellcasting
 + Level 4.8 Hexes
 + Level 0.4 Ice Magic


You had 2 spell levels left.
You knew the following spells:

 Your Spells              Type           Power      Damage    Failure   Level
a - Ensorcelled Hibernat  Hex/Ice        22%        N/A       10%         2
b - Confusing Touch       Hex            18%        N/A       8%          3

Your spell library contained the following spells:

 Spells                   Type           Power      Damage    Failure   Level
 Blink                    Tloc           2%         N/A       28%         2
 Tukima's Dance           Hex            18%        N/A       8%          3
 Dazzling Flash           Conj/Hex       20%        N/A       21%         3
 Manifold Assault         Tloc           1%         N/A       88%         4
 Storm Form               Tmut/Air       0%         N/A       100%        7


Dungeon Overview and Level Annotations

Branches:
Dungeon (3/15) Zot: 16237

Altars:


Innate Abilities, Weirdness & Mutations

You do not regenerate when monsters are visible.
You are frail without blood (-20% HP).
You can heal yourself when you bite living creatures.
You are immune to poison.
You have razor-sharp teeth.
You have supernaturally acute eyesight. (SInv)
You are afflicted with vampirism and can become a bat while bloodless.


Message History

Aiming: Ensorcelled Hibernation (safe; 10% risk of failure)
Press: ? - help, Shift-Dir - straight line, f - gnoll
Aim: a gnoll, wielding a +0 whip (lightly wounded, chance to affect: 53%)
The gnoll resists with significant effort.
The gnoll completely misses you.
Unknown command.
You hit the gnoll.
The gnoll is heavily wounded.
The gnoll barely misses you.
Unknown command.
Casting: Ensorcelled Hibernation (safe; 10% risk of failure)
Confirm with . or Enter, or press ? or * to list all spells.
You don't have enough magic to cast this spell.
Unknown command.
You hit the gnoll.
The gnoll is heavily wounded.
The gnoll hits you but does no damage.
You hit the gnoll.
The gnoll is severely wounded.
The gnoll misses you.
You barely miss the gnoll.
The gnoll is severely wounded.
The gnoll hits you with a +0 whip.
Your magical contamination has completely faded away.
You hit the gnoll but do no damage.
The gnoll is severely wounded.
You barely miss the gnoll.
The gnoll is severely wounded.
The gnoll hits you with a +0 whip.
You closely miss the gnoll.
The gnoll is severely wounded.
The gnoll closely misses you.
You hit the gnoll.
The gnoll is almost dead.
The gnoll hits you with a +0 whip!
* * * LOW HITPOINT WARNING * * *
You hit the gnoll but do no damage. Your bite misses the gnoll.
The gnoll is almost dead.
The gnoll hits you with a +0 whip.
You die...

#...##.# #.#
#...##'###.#
#..........#
#..........# ###
#..........# #.#
##.........# #.#
#.........# #.#
#.........###g##
###.........@..#
#####..#..##.#<#.##
##.........##.#...#
...#.#.#.#.##.#)#.#
##..[.............#
#.#.#.#.#..#.#.###
##............#.#
...#.#.#.#..#.#.#
#...........#.#..


You could see a gnoll.

Vanquished Creatures
  2 gnolls
  An adder (D:2)
  A worm (D:2)
  A dart slug (D:1)
  An orc (D:3)
  3 ball pythons
  3 endoplasms
  2 giant cockroaches (D:2)
  6 goblins
  4 hobgoblins
  3 quokkas (D:2)
  6 bats
  2 kobolds (D:2)
  3 rats
38 creatures vanquished.

Notes
Turn   | Place    | Note
-------+----------+-------------------------------------------
     0 | D:1      | protoss039 the Vampire Enchanter began the quest for the
                  | Orb.
     0 | D:1      | Reached XP level 1. HP: 13/13 MP: 3/3
   229 | D:1      | Reached XP level 2. HP: 20/20 MP: 5/5
   558 | D:1      | Learned a level 2 spell: Ensorcelled Hibernation
   802 | D:2      | Reached skill level 1 in Fighting
   802 | D:2      | Reached skill level 5 in Stealth
   861 | D:2      | Gained mutation: You are afflicted with vampirism and can
                  | become a bat while bloodless. [Vampire growth]
   861 | D:2      | Reached XP level 3. HP: 20/20 MP: 6/6
  1358 | D:2      | Learned a level 3 spell: Confusing Touch
  1726 | D:2      | HP: 1/20 [gnoll/+0 halberd (13)]
  1735 | D:2      | Reached XP level 4. HP: 7/25 MP: 0/7
  1767 | D:3      | Slain by a gnoll

Illustrated notes

Levels and vault maps discovered:
D:1:      wander_arrival_estate, layout_basic
D:2:      layout_rooms, hangedman_glass_teeth, dk_noncrumbling_4
D:3:      minmay_evil_eye, layout_basic, serial_glass, glass_columns_c,
          glass_columns_c

Skill      XL: |  1  2 |
---------------+-------+-----
Fighting       | 1 |  1.4
Stealth        | 5 |  5.2
Short Blades   | |  1.6
Dodging        | |  2.7
Spellcasting   | |  2.3
Hexes          | |  4.8
Ice Magic      | |  0.4

Action                     |  1- 3 |  4- 6 || total
---------------------------+-------+-------++-------
  Melee: Dagger            |    87 |    12 ||    99
         Bite              |     5 |       ||     5
         Punch             |     1 |       ||     1
   Cast: Ensorcelled Hiber |    19 |     1 ||    20
Ability: Exsanguinate      |     1 |       ||     1
    Use: Scroll            |     4 |       ||     4
         Potion            |     1 |       ||     1
   Stab: Sleeping          |    24 |       ||    24
         Invisible         |     1 |       ||     1
 Armour: Robe              |    11 |     3 ||    14
  Dodge: Dodged            |    77 |     6 ||    83

Table legend: (Time is in decaauts)
 A = Elapsed time spent in this place.
 B = Non-inter-level travel time spent in this place.
 C = Inter-level travel time spent in this place.
 D = Time resting spent in this place.
 E = Time spent auto-exploring this place.
 F = Levels seen in this place.
 G = Mean time per level.
                   A        B        C        D        E       F      G
               +--------+--------+--------+--------+--------+-----+--------+
         Total |   1761 |   1667 |     94 |    201 |   1009 |   3 |  587.0 |
       Dungeon |   1761 |   1667 |     94 |    201 |   1009 |   3 |  587.0 |
               +--------+--------+--------+--------+--------+-----+--------+

Top non-repeatable levels by time:
     D:2: 997 daAuts
     D:1: 557 daAuts
     D:3: 207 daAuts
